AoeStats
← EL LEON

Arabia

510427751Analyzed
3v3 RM · 2d ago on Oct 1, 2026· 35m 6s· 6 players
Game mode
Random Map
Map size
Normal (6 player)
Population
200
Speed
Normal
Resources
Standard
Victory
Conquest
Starting age
Dark Age
Ending age
Imperial Age
RankedLock teamsTeams togetherTeam positionsShared explorationLock speedFull tech treeHidden civsTurbo modeCheats
Victory
Defeat
🇺🇸 Byzantines · United States
1054
+17
🇨🇦 Berbers · Canada
1028
+18
🇺🇸 Magyars · United States
1018
+18
🇦🇷 Saracens · Argentina
1097
-19
🇩🇴 Franks · Dominican Republic
1075
-18
🇨🇳 Mongols · China
1031
-16
faraon_1430
4:05 Loom
11:25 Feudal Age
18:12 Forging
23:50 Castle Age
23:38 Scale Barding Armor
24:18 Scale Mail Armor
24:33 Pikeman
25:15 Squires
EL LEON
1:46 Loom
10:35 Feudal Age
17:27 Double-Bit Axe
20:30 Castle Age
21:51 Horse Collar
22:22 Bow Saw
22:16 Gold Mining
23:21 Pikeman
25:55 Gold Shaft Mining
25:10 Stone Mining
bro
11:02 Feudal Age
9:18 Loom
17:41 Castle Age
18:34 Double-Bit Axe
18:33 Horse Collar
Vk_Kellen
7:45 Loom
10:31 Feudal Age
16:57 Castle Age
16:06 Double-Bit Axe
16:20 Horse Collar
18:35 Bow Saw
25:01 Pikeman
35:33 Redemption
OrthorhombicP
4:51 Loom
11:15 Feudal Age
14:54 Castle Age
21:29 Scale Barding Armor
24:44 Chain Barding Armor
32:34 Double-Bit Axe
nightinglass
6:13 Loom
8:53 Feudal Age
10:10 Double-Bit Axe
18:58 Castle Age
17:07 Horse Collar
17:19 Gold Mining
19:49 Scale Barding Armor
19:56 Forging
20:02 Bow Saw
21:14 Bloodlines
22:20 Town Watch
23:48 Chain Barding Armor
24:53 Husbandry
32:10 Heavy Plow
33:11 Iron Casting
32:54 Stone Mining
Connection lost

Rejoining the realm…

Still unreachable

The connection could not be restored.

Session expired

The server has moved on; the page needs a fresh start.